 Dungeon Crawl Stone Soup version 0.21.1-1-g345015f (webtiles) character file.

33 sking99 the Ruffian (level 3, -1/37 HPs)
             Began as an Ogre Transmuter on June 20, 2018.
             Slain by Jessica (2 damage)
             ... on level 2 of the Dungeon.
             The game lasted 00:07:58 (1099 turns).

sking99 the Ruffian (Ogre Transmuter)               Turns: 1099, Time: 00:07:59

Health: -1/37      AC:  3    Str: 14    XL:     3   Next: 29%
Magic:  6/6        EV: 10    Int: 15    God:
Gold:   88         SH:  0    Dex:  9    Spells: 3/6 levels left

rFire    . . .     SeeInvis .     - Unarmed
rCold    . . .     Gourm    .   (no shield)
rNeg     . . .     Faith    .   b - +0 robe
rPois    .         Spirit   .   (helmet restricted)
rElec    .         Reflect  .   (no cloak)
rCorr    .         Harm     .   (gloves unavailable)
MR       .....                  (boots unavailable)
Stlth    +.........             (no amulet)
HPRegen  0.12/turn              (no ring)
MPRegen  0.10/turn              (no ring)

@: lethally poisoned (-1 -> -5), very slightly contaminated, hasted, very quick
A: large, unfitting armour, tough skin 1
a: no special abilities


You were on level 2 of the Dungeon.
You were not hungry.

You visited 1 branch of the dungeon, and saw 2 of its levels.

You collected 88 gold pieces.

Inventory:

Missiles
 a - 12 arrows
Armour
 b - a +0 robe (worn)
Scrolls
 j - a scroll of teleportation
Books
 c - a book of Changes

   Spells                             Type                      Level
   a - Beastly Appendage              Transmutation                1
   b - Sticks to Snakes               Transmutation                2
   c - Spider Form                    Transmutation/Poison         3
   d - Ice Form                       Ice/Transmutation            4
   e - Blade Hands                    Transmutation                5
Comestibles
 d - 2 rations


   Skills:
 + Level 3.0 Fighting
 - Level 1.7 Dodging
 + Level 3.3 Unarmed Combat
 - Level 2.4 Spellcasting
 + Level 1.7 Transmutations


You had 3 spell levels left.
You knew the following spells:

 Your Spells              Type           Power        Failure   Level  Hunger
a - Beastly Appendage     Tmut           #.....       11%         1    #......
b - Sticks to Snakes      Tmut           #.......     16%         2    ###....


Dungeon Overview and Level Annotations

Branches:
Dungeon (2/15)

Altars:
Hepliaklqana

Annotations:
D:2 Jessica


Innate Abilities, Weirdness & Mutations

You are too large for most types of armour.
You have tough skin. (AC +1)


Message History

The bat barely misses you.
* * * LOW HITPOINT WARNING * * *
You feel sick. The bat closely misses you. x2
The bat hits you but does no damage.
* * * LOW HITPOINT WARNING * * *
You feel sick. The bat barely misses you. The bat barely misses you.
The bat misses you.
Jessica casts a spell.
Jessica seems to speed up.
* * * LOW HITPOINT WARNING * * *
You feel sick. The bat hits you.
* * * LOW HITPOINT WARNING * * *
The bat closely misses you. Jessica barely misses you.
* * * LOW HITPOINT WARNING * * *
You feel sick. The bat barely misses you. Jessica barely misses you.
The bat completely misses you. Jessica hits you.
* * * LOW HITPOINT WARNING * * *
The bat hits you but does no damage. Jessica hits you.
You die...

*,,,*,***,,*****,*###
*,,,* *
*****,**,*,**,,,,,..#
*,..** *
,,,,,**,,.,**,**,*#.#
*,..,****
,,,,,,*>,,.##,**,*#.#
*..,,,,,,
,,,,*,*,,,,...>,,*#.#
*.#***,**
,,***,*,,,**#.#####.#
*#.#*,,,,,
*,***,,,,**
#.......####.@#,,,.,,
**,,,*****
###.b@g....#..#....,,
,,,,**
##@#####..b....?_,,
***** #.#
###..#.g..,, #.#
*..#,,,.,, #.#####
*..#*,,,,,
#.....#**..#***,**
#######.#*,...,,,,,,
#.......#*,....,,*,,
#.####..#*,....,,*,*
#.####..#*>,,,,,,*,*


You could see Jessica, a hobgoblin and a bat.

Vanquished Creatures
  An adder (D:2)
  A dart slug (D:2)
  A leopard gecko (D:1)
  A giant cockroach (D:1)
  6 goblins (D:1)
  A hobgoblin (D:1)
  3 kobolds (D:1)
  4 bats
  A frilled lizard (D:2)
  2 rats (D:1)
21 creatures vanquished.

Notes
Turn   | Place    | Note
-------+----------+-------------------------------------------
     0 | D:1      | sking99 the Ogre Transmuter began the quest for the Orb.
     0 | D:1      | Reached XP level 1. HP: 19/19 MP: 3/3
   162 | D:1      | Reached XP level 2. HP: 28/28 MP: 5/5
   308 | D:1      | Learned a level 2 spell: Sticks to Snakes
  1066 | D:2      | Reached XP level 3. HP: 35/36 MP: 6/6
  1081 | D:2      | Found a hazy altar of Hepliaklqana.
  1081 | D:2      | Noticed Jessica
  1098 | D:2      | HP: 1/37 [Jessica (2)]
  1099 | D:2      | Slain by Jessica

Skill      XL: |  1  2  3 |
---------------+----------+-----
Fighting       | 2 3 |  3.0
Unarmed Combat | 3 |  3.3
Dodging        | |  1.7
Spellcasting   | |  2.4
Transmutations | |  1.7

Action                   || total
-------------------------++-------
Melee: Unarmed           ||   102
       Punch             ||     1
       Headbutt          ||     1
 Cast: Beastly Appendage ||     4
  Use: Scroll            ||     4
       Potion            ||     1
  Eat: Chunk             ||     1
Armor: Robe              ||    41
Dodge: Dodged            ||    81
